 Dungeon Crawl Stone Soup version 0.19.4-9-g45fd643 (webtiles) character file.

201 danebombitumenja the Chopper (level 5, -5/47 HPs)
             Began as a Minotaur Monk on Feb 17, 2017.
             Killed by nerve-wracking pain
             ... invoked by a shadow imp
              (8 damage)
             ... on level 4 of the Dungeon.
             The game lasted 00:05:29 (2950 turns).

danebombitumenja the Chopper (Minotaur Monk)        Turns: 2950, Time: 00:05:30

Health: -5/47      AC:  6    Str: 17    XL:     5   Next: 50%
Magic:  4/4        EV: 13    Int:  7    God:
Gold:   247        SH:  0    Dex: 16    Spells: 0 memorised, 4 levels left

rFire  . . .     SeeInvis .     k - +0 short sword (flame)
rCold  . . .     Gourm    .     j - +0 ring mail
rNeg   . . .     Faith    .     (no shield)
rPois  .         Spirit   .     (helmet restricted)
rElec  .         Reflect  .     f - +0 cloak
rCorr  .         Harm     .     (no gloves)
MR     .....                    (no boots)
Stlth  ++........               (no amulet)
                                (no ring)
                                p - +4 ring of dexterity

@: lethally poisoned (-5 -> -11)
A: retaliatory headbutt, horns 2
a: no special abilities


You were on level 4 of the Dungeon.
You were not hungry.

You visited 1 branch of the dungeon, and saw 4 of its levels.

You collected 247 gold pieces.

Inventory:

Hand Weapons
 k - a +0 short sword of flaming (weapon)
 r - a +0 hand axe
Armour
 f - a +0 cloak (worn)
 j - a +0 ring mail (worn)
Jewellery
 o - an uncursed ring of ice
 p - a +4 ring of dexterity (left hand)
 q - an uncursed ring of flight {unknown}
Wands
 t - a wand of lightning (9/15)
 u - a wand of hasting (4/9)
Scrolls
 b - a scroll of recharging {unknown}
 d - 5 scrolls of remove curse {unknown}
 i - 4 scrolls of identify {unknown}
 l - a scroll of immolation {unknown}
 s - a scroll of fear {unknown}
 w - a scroll of random uselessness {unknown}
Potions
 e - a potion of flight {unknown}
 h - 2 potions of curing {unknown}
 m - a potion of lignification {unknown}
 v - 2 potions of magic {unknown}
Books
 n - a book of Maledictions

   Spells                             Type                      Level
   a - Corona                         Hexes                        1
   b - Ensorcelled Hibernation        Hexes/Ice                    2
   c - Confuse                        Hexes                        3
   d - Tukima's Dance                 Hexes                        3
   e - Dazzling Spray                 Conjuration/Hexes            3
Comestibles
 a - 2 chunks of flesh
 c - 2 bread rations
 g - a beef jerky


   Skills:
 + Level 4.4 Fighting
 * Level 4.7 Axes
 + Level 2.7 Armour
 + Level 4.2 Dodging
 + Level 2.7 Stealth


You had 4 spell levels left.
You didn't know any spells.

Dungeon Overview and Level Annotations

Branches:
Dungeon (4/15)
 Temple: D:4-7

Altars:
Nemelex Xobeh


Innate Abilities, Weirdness & Mutations

You reflexively headbutt those who attack you in melee.
You have a pair of horns on your head.


Message History

The shadow imp is almost dead.
You feel sick. The shadow imp hits you.
You barely miss the shadow imp.
The shadow imp is almost dead.
You feel sick.
The shadow imp shouts, "Slither away, thou hateful knotty-pated walking sirloin!"
The shadow imp gestures at you. Pain shoots through your body!
* * * LOW HITPOINT WARNING * * *
You closely miss the shadow imp.
The shadow imp is almost dead.
* * * LOW HITPOINT WARNING * * *
You feel sick. The shadow imp misses you.
You hit the shadow imp but do no damage.
The shadow imp is almost dead.
* * * LOW HITPOINT WARNING * * *
You feel sick. The shadow imp gestures at you. Pain shoots through your body!
You die...

♣♣♣♣♣♣
♣♣····♣♣♣
♣♣♣♣··♣♣♣··♣♣♣
···)··♣
♣♣♣··♣♣♣
♣♣···♣♣
♣♣♣·?♣♣
♣···♣♣♣♣
♣♣♣?♣♣
♣♣·····♣♣ ♣♣·♣
····♣♣♣♣·♣♣
♣@♣ ·♣♣♣♣ ♣♣·♣
♣·†5···♣ ♣♣·♣
♣♣♣····?♣
♣♣··♣ ··?··♣
♣·♣♣♣ ♣$··♣♣
♣♣♣·♣♣ ♣♣♣♣
♣♣····♣
♣··♣♣···♣ ♣♣·♣
♣♣·♣


You could see a shadow imp.

Vanquished Creatures
  An orc wizard (D:4)
  A worker ant (D:4)
  A gnoll (D:4)
  7 adders
  An ooze (D:1)
  3 orcs
  3 giant cockroaches
  8 goblins
  6 hobgoblins
  5 jackals (D:3)
  7 kobolds
  2 quokkas
  2 ball pythons
  12 bats
  7 frilled lizards
  7 rats
73 creatures vanquished.

Notes
Turn   | Place    | Note
-------+----------+-------------------------------------------
     0 | D:1      | danebombitumenja the Minotaur Monk began the quest for the Orb.
     0 | D:1      | Reached XP level 1. HP: 19/19 MP: 0/0
     1 | D:1      | Noticed an electric eel
   109 | D:1      | Reached XP level 2. HP: 26/27 MP: 1/1
   481 | D:1      | You fall through a shaft!
   528 | D:1      | Found a sparkling altar of Nemelex Xobeh.
   536 | D:1      | Reached skill level 1 in Armour
  1178 | D:2      | Reached XP level 3. HP: 33/33 MP: 2/2
  1642 | D:3      | Reached XP level 4. HP: 40/40 MP: 3/3
  2770 | D:3      | Reached XP level 5. HP: 44/47 MP: 4/4
  2950 | D:4      | Killed from afar by a shadow imp

Skill      XL: |  1  2  3  4 |
---------------+-------------+-----
Axes           | 4 |  4.7
Armour         | 1 2 |  2.7
Fighting       | 4 |  4.4
Stealth        | 2 |  2.7
Dodging        | 4 |  4.2

Action                   |  1- 3 |  4- 6 || total
-------------------------+-------+-------++-------
Melee: Hand axe          |    28 |       ||    28
       Headbutt          |     9 |    16 ||    25
       Short sword       |    34 |    94 ||   128
 Stab: Sleeping          |     3 |     1 ||     4
  Eat: Chunk             |     2 |     4 ||     6
Armor: Robe              |     7 |       ||     7
       Ring mail         |    11 |    34 ||    45
Dodge: Dodged            |    47 |    63 ||   110
